 Dungeon Crawl Stone Soup version 0.29.0-4-gdea44cf6ec (webtiles) character file.

Game seed: 3318227415137491722

13 qw the Chopper (level 2, -2/17 HPs)
             Began as a Tengu Warper on Aug 28, 2022.
             Slain by Terence
             ... wielding a +0 flail
              (10 damage)
             ... on level 2 of the Dungeon.
             The game lasted 00:00:04 (777 turns).

qw the Chopper (Tengu Warper)                        Turns: 777, Time: 00:00:05

Health: -2/17      AC:  5    Str: 11    XL:     2   Next: 37%
Magic:  6/6        EV: 11    Int: 13    God:
Gold:   97         SH:  0    Dex: 19    Spells: 5/5 levels left

rFire   . . .      SeeInvis .   Y - +0 war axe
rCold   . . .      Faith    .   (no shield)
rNeg    . . .      Spirit   .   e - +0 ring mail
rPois   .          Reflect  .   (helmet restricted)
rElec   .          Harm     .   (no cloak)
rCorr   .          Rampage  .   (no gloves)
Will    .....                   (boots unavailable)
Stlth   +.........              (no amulet)
HPRegen 0.05/turn               h - +6 ring of dexterity
MPRegen 0.10/turn               (no ring)

@: no status effects
A: beak, talons 3
a: no special abilities


You were on level 2 of the Dungeon.
You visited 1 branch of the dungeon, and saw 2 of its levels.

You collected 97 gold pieces.


Innate Abilities, Weirdness & Mutations

You have a beak for a mouth.
You have claws for feet.


   Skills:
 - Level 2.0 Fighting
 + Level 3.3 Axes
 - Level 1.0 Throwing
 - Level 1.1 Armour
 - Level 2.1 Dodging
 - Level 2.0 Spellcasting
 - Level 2.4 Translocations


You had 5 spell levels left.
You didn't know any spells.
Your spell library contained the following spells:

 Spells                   Type           Power      Damage    Failure   Level
 Blink                    Tloc           14%        N/A       34%         2
 Gell's Gravitas          Tloc           7%         N/A       56%         3
 Lesser Beckoning         Tloc           7%         N/A       56%         3
 Teleport Other           Tloc           7%         N/A       56%         3
 Manifold Assault         Tloc           7%         N/A       99%         5

Inventory:

Hand Weapons
 d - a +0 whip
 Y - a +0 war axe (weapon)
Armour
 e - a +0 ring mail (worn)
Jewellery
 h - a +6 ring of dexterity (left hand)
Potions
 a - a potion of might {unknown}
 g - a potion of curing

Dungeon Overview and Level Annotations

Branches:
Dungeon (2/15)

Altars:

Annotations:
D:2 Terence


Message History

Done exploring.
716 ||| DROPPING scroll of magic mapping.
You drop a scroll of magic mapping.
Done exploring.
(D) Dungeon
Where to? (* - list waypoints, ? - help)
What level of the Dungeon? (default 1, ? - help)
There is a stone staircase leading down here.
You climb downwards.
Found a puce potion.
There is a stone staircase leading up here.
Existing waypoints: (2) D:1 Assign waypoint to what number? (0-9, D - delete waypoint) Waypoint 1 assigned to D:2.
a - a puce potion A kobold comes into view.
It is wielding a +0 short sword.
The kobold shouts!
Enter note: The kobold throws a stone.
The stone hits you but does no damage.
The kobold throws a stone.
The stone hits you but does no damage.
You slash the kobold!
You kill the kobold!
Terence the Incautious comes into view.
He is wielding a +0 flail.
You hit Terence. You peck Terence, but do no damage.
Terence is lightly wounded.
Terence hits you but does no damage.
You closely miss Terence. You claw Terence, but do no damage.
Terence is lightly wounded.
Terence barely misses you. Terence hits you with a +0 flail!
Ouch! That really hurt!
You hit Terence. You claw Terence, but do no damage. You peck Terence.
Terence is heavily wounded.
Terence closely misses you.
You hit Terence but do no damage. Your kick misses Terence.
You peck Terence, but do no damage.
Terence is heavily wounded.
Terence hits you with a +0 flail!
Ouch! That really hurt!
You die...

######
#######.##.########
......@@...........
........##.########
................#######
.........)............#
####.##.##.##########.##
#....##.# ..........
#.##.##.# #######.## #
#....# #.## #.# #.##


You could see Terence.

Vanquished Creatures
  A goblin (D:1)
  3 hobgoblins (D:1)
  A kobold (D:2)
  A quokka (D:1)
  2 ball pythons (D:1)
  A bat (D:1)
  3 frilled lizards (D:1)
  A rat (D:1)
13 creatures vanquished.

Notes
Turn   | Place    | Note
-------+----------+-------------------------------------------
     0 | D:1      | qw the Tengu Warper began the quest for the Orb.
     0 | D:1      | Reached XP level 1. HP: 12/12 MP: 4/4
     0 | D:1      | 0 ||| qw: Version: 0.1-a-89-g26bdef1
     0 | D:1      | 0 ||| qw: Game counter: 2797
     0 | D:1      | 0 ||| qw: Always use a shield: true
     0 | D:1      | 0 ||| qw: God list: Okawaru
     0 | D:1      | 0 ||| qw: Allow faded altars: false
     0 | D:1      | 0 ||| qw: Do Orc after D:15 true
     0 | D:1      | 0 ||| qw: Do second Lair branch before Depths: true
     0 | D:1      | 0 ||| qw: Lair rune preference: random
     0 | D:1      | 0 ||| qw: Plans: Normal
     0 | D:1      | 0 ||| PLANNING D:1-11
   114 | D:1      | 114 ||| SWAPPING to +0 war axe.
   115 | D:1      | 115 ||| DROPPING +0 hand axe.
   203 | D:1      | Reached skill level 3 in Axes
   203 | D:1      | Reached XP level 2. HP: 11/17 MP: 6/6
   700 | D:1      | 700 ||| UPGRADING to +0 ring mail.
   710 | D:1      | 710 ||| DROPPING +0 leather armour.
   711 | D:1      | 711 ||| UPGRADING to +6 ring of dexterity.
   712 | D:1      | 712 ||| READING 2 scrolls labelled KOESUW GUJOR.
   713 | D:1      | 713 ||| READING scroll labelled TUCROTEGEF.
   714 | D:1      | 714 ||| DRINKING 2 smoky inky potions.
   715 | D:1      | 715 ||| DROPPING scroll of blinking.
   716 | D:1      | 716 ||| DROPPING scroll of magic mapping.
   767 | D:2      | Noticed Terence
   777 | D:2      | Slain by Terence

Levels and vault maps discovered:
D:1:      dpeg_arrival_three_same_balls, layout_rooms, corner_web_ring
D:2:      layout_basic, basic_altar, ebering_ecumenical_altar_ruins,
          uniq_terence

Skill      XL: |  1 |
---------------+----+-----
Axes           | 3 |  3.3
Fighting       | |  2.0
Throwing       | |  1.0
Armour         | |  1.1
Dodging        | |  2.1
Spellcasting   | |  2.0
Translocations | |  2.4

Action                   || total
-------------------------++-------
Melee: Hand axe          ||     7
       War axe           ||    17
       Kick              ||     4
       Punch             ||     1
       Peck              ||     3
Throw: Boomerang         ||     7
  Use: Scroll            ||     2
       Potion            ||     1
Armor: Ring mail         ||     3
Dodge: Dodged            ||    11

Table legend:
 A = Non-vault XP
 B = Vault XP
 C = Vault XP percentage of total XP
 D = Non-vault monster count
 E = Vault monster count
 F = Vault count percentage of total count
                 A         B        C        D         E       F
            +---------+---------+-------+---------+---------+-------
      Total |      19 |       0 |   0.0 |      13 |       0 |   0.0
            +---------+---------+-------+---------+---------+-------
        D:1 |      17 |       0 |   0.0 |      12 |       0 |   0.0
        D:2 |       2 |       0 |   0.0 |       1 |       0 |   0.0
            +---------+---------+-------+---------+---------+-------
